 Dungeon Crawl Stone Soup version 0.26-a0-712-ga5a9c9c9d0 (webtiles) character file.

Game seed: 5328169116522752671

49 Apogee the Insei (level 3, 0/29 HPs)
             Began as a Draconian Transmuter on Nov 10, 2020.
             Was an Initiate of Makhleb.
             Killed from afar by an orc wizard (10 damage)
             ... with a puff of flame
             ... on level 3 of the Dungeon.
             The game lasted 00:02:59 (2094 turns).

Apogee the Insei (Draconian Transmuter)             Turns: 2094, Time: 00:03:00

Health: 0/29       AC:  5    Str: 12    XL:     3   Next: 51%
Magic:  5/6        EV: 11    Int: 13    God:    Makhleb [......]
Gold:   123        SH:  0    Dex: 12    Spells: 5/6 levels left

rFire    . . .     SeeInvis .     - Unarmed
rCold    . . .     Faith    .   (no shield)
rNeg     . . .     Spirit   .   (armour unavailable)
rPois    .         Reflect  .   (helmet currently unavailable)
rElec    .         Harm     .   (no cloak)
rCorr    .         Rampage  .   (no gloves)
MR       .....                  (boots currently unavailable)
Stlth    +.........             (no amulet)
HPRegen  0.09/turn              (no ring)
MPRegen  0.10/turn              (no ring)

@: appendages (expiring), heavily drained
A: unfitting armour, horns 2, talons 2, cold-blooded, AC +5
a: End Transformation, Renounce Religion


You were on level 3 of the Dungeon.
You worshipped Makhleb.
Makhleb was noncommittal.
You had grown temporary horns.
You had grown temporary talons.
You visited 1 branch of the dungeon, and saw 3 of its levels.

You collected 123 gold pieces.

Inventory:

Armour
 f - a cursed +0 pair of boots (melded)
   (You found it on level 2 of the Dungeon)
Jewellery
 d - an uncursed amulet of the acrobat {unknown}
   (You found it on level 1 of the Dungeon)
Scrolls
 a - 5 scrolls of identify {unknown}
 b - 4 scrolls of remove curse {unknown}
 e - a scroll of magic mapping {unknown}
 g - a scroll of teleportation {unknown}
 h - a scroll of fog {unknown}
Potions
 c - a potion of brilliance {unknown}


   Skills:
 + Level 1.9(0.0) Fighting
 + Level 2.2(0.0) Dodging
 * Level 3.7(1.3) Unarmed Combat
 - Level 2.0(0.0) Spellcasting
 + Level 2.4(0.1) Transmutations


You had 5 spell levels left.
You knew the following spells:

 Your Spells              Type           Power        Failure   Level
a - Beastly Appendage     Tmut           #.....       30%         1

Your spell library contained the following spells:

 Spells                   Type           Power        Failure   Level
 Wereblood                Tmut           #.......     41%         2
 Spider Form              Tmut/Pois      #.........   67%         3
 Ice Form                 Ice/Tmut       #.......     97%         4
 Blade Hands              Tmut           #.........   100%        5


Dungeon Overview and Level Annotations

Branches:
Dungeon (3/15)

Altars:
Makhleb
Zin
The Shining One


Innate Abilities, Weirdness & Mutations

Your plain brown scales are hard. (AC +5)
You cannot fit into any form of body armour.
You are cold-blooded and may be slowed by cold attacks.
You have a pair of horns on your head.
You have razor-sharp toenails.


Message History

You closely miss the orc. You headbutt the orc, but do no damage.
The orc hits you but does no damage.
You closely miss the orc. Your kick misses the orc.
Your tail-slap misses the orc.
Your transformation is almost over.
The orc closely misses you.
You hit the orc.
You kill the orc!
Makhleb accepts your kill. Something hits you.
You feel drained.
Things that are here:
a +0 dagger; a +0 leather armour You miss something.
Something hits you.
You feel drained.
You miss something. You headbutt something! Something hits you.
You feel drained.
You closely miss something. Something hits you but does no damage.
You feel drained.
You barely miss something. Something hits you but does no damage.
You feel drained.
You closely miss something. Something hits you but does no damage.
You feel drained.
You hit something. Your kick misses something.
Your horns disappear.
Your talons disappear.
Your cursed +0 pair of boots unmelds from your body.
Something hits you.
You feel drained.
You miss something. Something hits you but does no damage.
You feel drained.
You grow a pair of large bovine horns.
Your feet morph into talons.
Your cursed +0 pair of boots melds into your body.
Something hits you.
You feel drained.
You closely miss something. Your kick misses something. Something hits you.
* * * LOW HITPOINT WARNING * * *
You feel drained.
* * * LOW HITPOINT WARNING * * *
You hit something. Your kick misses something.
You hear some strange, mumbled words.
A puff of flame appears from out of thin air!
The puff of flame hits you!
You die...

##########.#........
#.#........
#.#.....!.. #.#.#
#.#o# #.#o# #.#o#
#.#{# #.#@# #.#.#
#.#.# #.#.# #.#.#
#.#.# #.#.# #.#.#
#.#.#


You could see 3 orcs.

Vanquished Creatures
  An ooze (D:1)
  A worm (D:2)
  A dart slug (D:1)
  An orc (D:3)
  2 giant cockroaches
  8 goblins
  4 hobgoblins
  4 kobolds
  A ball python (D:2)
  6 bats
  3 frilled lizards
  4 rats
36 creatures vanquished.

Notes
Turn   | Place    | Note
-------+----------+-------------------------------------------
     0 | D:1      | Apogee the Draconian Transmuter began the quest for the
                  | Orb.
     0 | D:1      | Reached XP level 1. HP: 16/16 MP: 3/3
    39 | D:1      | Reached XP level 2. HP: 15/23 MP: 3/5
   806 | D:1      | Reached XP level 3. HP: 27/29 MP: 4/6
  1163 | D:2      | Found a glowing golden altar of the Shining One.
  1164 | D:2      | Found a glowing silver altar of Zin.
  1167 | D:2      | Found a burning altar of Makhleb.
  1183 | D:2      | Became a worshipper of Makhleb the Destroyer
  2094 | D:3      | Killed from afar by an orc wizard

Illustrated notes

Levels and vault maps discovered:
D:1:      kennysheep_arrival_seaside, layout_loops_ring
D:2:      layout_loops_corners, chequers_temple_overflow_statue_of_worship
D:3:      layout_basic, minmay_misc_feat_hallway, minmay_close_crescents,
          uniq_terence, uniq_jessica

Skill      XL: |  1  2 |
---------------+-------+-----
Dodging        | 2 |  2.2
Fighting       | |  1.9
Unarmed Combat | |  3.7
Spellcasting   | |  2.0
Transmutations | |  2.4

Action                   || total
-------------------------++-------
Melee: Unarmed           ||   118
       Headbutt          ||     7
       Tailslap          ||    13
       Kick              ||     8
       Punch             ||     1
 Cast: Beastly Appendage ||    14
 Stab: Sleeping          ||     1
Armor: Skin              ||    45
Dodge: Dodged            ||    63

Table legend: (Time is in decaauts)
 A = Elapsed time spent in this place.
 B = Non-inter-level travel time spent in this place.
 C = Inter-level travel time spent in this place.
 D = Time resting spent in this place.
 E = Time spent auto-exploring this place.
 F = Levels seen in this place.
 G = Mean time per level.
                   A        B        C        D        E       F      G
               +--------+--------+--------+--------+--------+-----+--------+
         Total |   2090 |   2010 |     80 |      0 |   1716 |   3 |  696.7 |
       Dungeon |   2090 |   2010 |     80 |      0 |   1716 |   3 |  696.7 |
               +--------+--------+--------+--------+--------+-----+--------+

Top non-repeatable levels by time:
     D:1: 1082 daAuts
     D:2: 928 daAuts
     D:3: 78 daAuts
